[Event "*** SCC Grand Prix: Titled Tuesday Blitz"]
[Site "Chess.com"]
[Date "2020.10.06"]
[Round "8"]
[White "TigrVShlyape"]
[Black "Duhless"]
[Result "1-0"]
[WhiteElo "2835"]
[BlackElo "2952"]
[TimeControl "180+1"]
[EndTime "11:35:40 PDT"]
[Termination "TigrVShlyape won on time"]

1. d4 c5 2. d5 d6 3. e4 g6 4. Nc3 Bg7 5. Be2 Nf6 6. Nf3 O-O 7. O-O Na6 8. Nd2 Nc7 9. a4 b6 10. Nc4 Ba6 11. Na3 Bxe2 12. Qxe2 a6 13. Bg5 Nd7 14. Nc4 h6 15. Bh4 Qe8 16. Ne3 Rb8 17.
Kh1 Rb7 18. f4 b5 19. axb5 axb5 20. e5 f5 21. e6 Nf6 22. Qf3 b4 23. Ne2 Ne4 24.
Rad1 h5 25. h3 Nb5 26. g4 Nd4 27. Qg2 Nxe2 28. Qxe2 hxg4 29. hxg4 Bf6 30. Qh2 Kg7 31. Bxf6+ exf6 32. Kg2 Rh8 33. Qg1 Kf8 34. Kf3 Rh3+ 35. Ke2 Qb5+ 36. Ke1 Rg3 37. Ra1 Rxg1 38. Rxg1 b3 39.
gxf5 bxc2 40. fxg6 Qd3 41. Ra8+ 1-0

[Event "*** SCC Grand Prix: Titled Tuesday Blitz"]
[Site "Chess.com"]
[Date "2020.10.06"]
[Round "8"]
[White "swimmerchess"]
[Black "grzechu96"]
[Result "0-1"]
[WhiteElo "2799"]
[BlackElo "2705"]
[TimeControl "180+1"]
[EndTime "11:35:40 PDT"]
[Termination "grzechu96 won by resignation"]

1. e4 c5 2. Nf3 d6 3. d4 cxd4 4.
Nxd4 a6 5. Nc3 e6 6. Be2 Nf6 7.
O-O Nc6 8. Be3 Be7 9. f4 O-O 10. Kh1 Bd7 11. Nb3 b5 12. a3 Qb8 13. Bf3 Rd8 14.
Qe1 b4 15. axb4 Nxb4 16. Qf2 Bc6 17. Na5 d5 18. Nxc6 Nxc6 19. exd5 exd5 20. b3 Qc8 21. Na4 Ng4 22. Qe2 Nxe3 23. Qxe3 Qc7 24. Rad1 d4 25. Qe4 Rac8 26. Rfe1 Bb4 27. Re2 a5 28. h4 h6 29.
h5 Bf8 30. Nb2 Nb4 31. Nc4 Nd5 32. Rxd4 Nc3 33. Rxd8 Qxd8 34. Qf5 Nxe2 35. Bxe2 Qh4+ 36. Kg1 Bc5+ 0-1

[Event "*** SCC Grand Prix: Titled Tuesday Blitz"]
[Site "Chess.com"]
[Date "2020.10.06"]
[Round "8"]
[White "chenxiaoyuer"]
[Black "Fy_Rakotomaharo"]
[Result "1-0"]
[WhiteElo "2502"]
[BlackElo "2618"]
[TimeControl "180+1"]
[EndTime "11:35:42 PDT"]
[Termination "chenxiaoyuer won by resignation"]

1. e4 e5 2. Nf3 Nc6 3. Bb5 a6 4. Ba4 Nf6 5. d3 d6 6. c3 g6 7. O-O Bg7 8. Nbd2 O-O 9. Re1 Nb8 10. d4 Nbd7 11. Bc2 b5 12. a4 Bb7 13. Bd3 c6 14.
dxe5 dxe5 15. Nb3 Rc8 16. Be3 Qe7 17. Na5 Ba8 18. b4 c5 19. axb5 cxb4 20. cxb4 axb5 21. Bxb5 Bxe4 22. Nd2 Bd5 23. Qa4 Rb8 24. Ndc4 Qe6 25. Bc5 Rfc8 26. Bd6 Bxc4 27. Nxc4 Rxc4 28. Bxb8 Nxb8 29.
Bxc4 Qxc4 30. Rac1 Qe6 31. Qa8 Qe8 32. Qb7 Bf8 33. Rc8 Qa4 34. Qxb8 Nd7 35. Qb7 Kg7 36. Qe4 Qxb4 37. Qxb4 Bxb4 38. Rb1 Be7 39. Rc7 1-0

[Event "*** SCC Grand Prix: Titled Tuesday Blitz"]
[Site "Chess.com"]
[Date "2020.10.06"]
[Round "8"]
[White "Sanyura"]
[Black "Cocaino74"]
[Result "1-0"]
[WhiteElo "2537"]
[BlackElo "2368"]
[TimeControl "180+1"]
[EndTime "11:35:44 PDT"]
[Termination "Sanyura won by resignation"]

1. e4 c5 2. d4 cxd4 3. c3 Nf6 4. e5 Nd5 5. Nf3 Nc6 6. cxd4 d6 7. Nc3 Nxc3 8.
bxc3 dxe5 9. d5 e4 10. Ng5 Ne5 11. Nxe4 g6 12. Bg5 h6 13. Bh4 Bg7 14. d6 g5 15. Bg3 O-O 16. Be2 f5 17. Bxe5 Bxe5 18. dxe7 Qxe7 19. Nd2 Rd8 20. O-O Bf4 21. Qb3+ Be6 22.
Bc4 Bxc4 23. Nxc4 Qf7 24. Rad1 Rdc8 25. Rd7 Qxc4 26. Rd8+ Rxd8 27. Qxc4+ Kg7 28. g3 Be5 29. Qb5 Bxc3 30. Qxb7+ Kg6 31. Qc6+ Bf6 32. Re1 Rac8 33. Qa6 Rc7 34. Re6 Rf7 35. Kg2 g4 36. h4 gxh3+ 37.
Kxh3 Rd4 38. Qe2 Rg4 39. f3 Rg5 40. Re8 Kg7 41. Qe6 Rh5+ 42. Kg2 Rg5 43. f4 Rg6 44. Qxf5 Bh4 45. Rg8+ Kxg8 46. Qxg6+ Rg7 47. Qxg7+ Kxg7 48. gxh4 Kf6 49. Kf3 Kf5 50. h5 a6 51. a3 1-0

[Event "*** SCC Grand Prix: Titled Tuesday Blitz"]
[Site "Chess.com"]
[Date "2020.10.06"]
[Round "8"]
[White "Me_ch_an"]
[Black "lucachess49"]
[Result "0-1"]
[WhiteElo "2295"]
[BlackElo "2390"]
[TimeControl "180+1"]
[EndTime "11:35:44 PDT"]
[Termination "lucachess49 won by resignation"]

1. e4 e5 2. Nf3 Nc6 3. Bb5 a6 4. Ba4 Nf6 5. Qe2 d6 6. c3 Be7 7. O-O O-O 8. Rd1 b5 9. Bb3 Bg4 10. d3 Na5 11. Bc2 c5 12. Nbd2 Nc6 13. Nf1 d5 14. h3 Bh5 15. Ng3 Bg6 16. Nh4 d4 17. Nhf5 Re8 18. f4 Nd7 19. fxe5 Bg5 20. Bxg5 Qxg5 21.
h4 Qd8 22. cxd4 Bxf5 23. Nxf5 Nxd4 24. Qg4 Nxf5 25. exf5 Nxe5 26. Qg3 Qd4+ 27. Kh1 Ng4 28. Re1 h5 29. Bb3 c4 30. dxc4 bxc4 31. Ba4 Rxe1+ 32.
Rxe1 Qxb2 33. Qf3 Rd8 34. Qc6 c3 35. Bb3 Rf8 36. Qc7 Qf2 37. Bxf7+ Rxf7 38. Re8+ Kh7 39.
Qc4 Qxh4+ 40. Kg1 Qh2+ 41. Kf1 Rxf5+ 0-1

[Event "*** SCC Grand Prix: Titled Tuesday Blitz"]
[Site "Chess.com"]
[Date "2020.10.06"]
[Round "8"]
[White "penguingm1"]
[Black "hurricane7791"]
[Result "1-0"]
[WhiteElo "2856"]
[BlackElo "2703"]
[TimeControl "180+1"]
[EndTime "11:35:45 PDT"]
[Termination "penguingm1 won by checkmate"]

1. d4 Nf6 2. c4 e6 3. Nc3 Bb4 4.
Qc2 d5 5. cxd5 exd5 6. Bg5 h6 7. Bh4 Nc6 8. e3 g5 9. Bg3 h5 10. h3 Ne4 11. Bh2 Qe7 12. Bb5 Bf5 13. Qb3 a6 14.
Bxc6+ bxc6 15. Ne2 O-O 16. Qa4 c5 17. O-O Bxc3 18.
Nxc3 Nxc3 19. bxc3 c4 20. Qa5 Rfd8 21. Bxc7 Rd7 22. Bh2 Qe6 23. Rfe1 Bd3 24. f3 f5 25. Rad1 Kh7 26. Be5 Rg8 27. Rd2 Rb7 28. Rf2 h4 29. e4 dxe4 30. fxe4 Bxe4 31. Rxe4 fxe4 32. Rf6 Qc8 33.
Qd5 Rg6 34. Qxe4 Rg7 35. Rd6 Rg8 36. Rf6 Kh6 37. Qf3 Rxf6 38. Qxf6+ Rg6 39. Qf7 Qg8 40. Qf3 Qe6 41. Qe4 Rg8 42. d5 Qe7 43. d6 Qe6 44. Bg7+ Rxg7 45. Qxe6+ Rg6 46. Qe7 Rg7 47. Qf6+ Rg6 48. Qh8# 1-0

[Event "*** SCC Grand Prix: Titled Tuesday Blitz"]
[Site "Chess.com"]
[Date "2020.10.06"]
[Round "8"]
[White "chito89"]
[Black "GHANDEEVAM2003"]
[Result "0-1"]
[WhiteElo "2818"]
[BlackElo "2965"]
[TimeControl "180+1"]
[EndTime "11:35:47 PDT"]
[Termination "GHANDEEVAM2003 won by resignation"]

1. e4 e6 2. d4 d5 3. Nc3 Bb4 4. Ne2 Nf6 5. e5 Nfd7 6. f4 c5 7. a3 Bxc3+ 8. Nxc3 cxd4 9. Nb5 O-O 10. Nxd4 Nc6 11.
Be3 Nxd4 12. Qxd4 b6 13. O-O-O Bb7 14. g4 Qc7 15. Kb1 a5 16. Bb5 Bc6 17. Bd3 b5 18. Bd2 b4 19. axb4 axb4 20. Bxb4 Rfb8 21. b3 Qb7 22. Bd6 Rc8 23. Kb2 Nb6 24. Qb4 Ra7 25.
Ra1 Rca8 26. Bc5 Nc4+ 27. bxc4 dxc4 28. Qxb7 Rxb7+ 29. Kc3 Rc8 30. Rhb1 cxd3 31. cxd3 Rxb1 32. Rxb1 Bf3 33. d4 Bxg4 34. Rg1 Bf5 35. Kc4 Be4 36. Kb4 h6 37. Ra1 Rb8+ 38. Kc3 Kh7 39. Ra7 Kg6 40. h4 h5 41. Rc7 Rb1 42. Be7 Rc1+ 0-1

[Event "*** SCC Grand Prix: Titled Tuesday Blitz"]
[Site "Chess.com"]
[Date "2020.10.06"]
[Round "8"]
[White "Evachess2006"]
[Black "ethylalcohol"]
[Result "0-1"]
[WhiteElo "1625"]
[BlackElo "2125"]
[TimeControl "180+1"]
[EndTime "11:35:47 PDT"]
[Termination "ethylalcohol won on time"]

1. e4 e6 2. d4 d5 3. exd5 exd5 4. Bd3 Bd6 5. c3 Ne7 6. Be3 O-O 7. Ne2 Bf5 8. O-O Nbc6 9. Qc2 Qd7 10. Nd2 Rae8 11. Nf3 Bxd3 12. Qxd3 Qf5 13. Qxf5 Nxf5 14. Nf4 Nxe3 15.
fxe3 Rxe3 16. Nxd5 Re2 17. Rf2 Rfe8 18. Raf1 Na5 19.
Rxe2 Rxe2 20. Rf2 Re8 21. Nd2 c6 22. Nb4 c5 23. Nd3 cxd4 24. cxd4 Nc6 25. Nb3 Re3 26. Ndc5 Re1+ 27. Rf1 Bxh2+ 28. Kf2 Bg3+ 29. Kg1 Re2 30. Nxb7 Rxb2 31. Rc1 Ne7 32. Rc5 Kf8 33. Kf1 Rf2+ 34. Kg1 Rxa2 35. Kf1 Rf2+ 36. Kg1 Rb2 37. Kf1 Rxb3 38.
Na5 Rb2 39. Kg1 Bf2+ 40. Kh2 Bxd4 41. Rh5 h6 42. Kh3 Ra2 43. Kh2 Ng6 44. Rb5 Be5+ 0-1

[Event "*** SCC Grand Prix: Titled Tuesday Blitz"]
[Site "Chess.com"]
[Date "2020.10.06"]
[Round "8"]
[White "JuliaEfremova"]
[Black "djano"]
[Result "0-1"]
[WhiteElo "2318"]
[BlackElo "2444"]
[TimeControl "180+1"]
[EndTime "11:35:48 PDT"]
[Termination "djano won by resignation"]

1. e4 d5 2. exd5 Qxd5 3. Nc3 Qd8 4. g3 g6 5. Bg2 Bg7 6. Nf3 Nf6 7. O-O O-O 8. d3 Nc6 9. h3 Rb8 10. Re1 b5 11. Qe2 b4 12. Ne4 Bb7 13. a3 a5 14.
axb4 axb4 15. Nc5 Ba8 16. Bf4 Nd5 17. Be5 Nxe5 18. Nxe5 Bxe5 19. Qxe5 e6 20. Ne4 Rb6 21. Rxa8 Qxa8 22. Nf6+ Nxf6 23. Bxa8 Nd7 24. Qd4 Rd6 25. Qa7 b3 26. cxb3 Rxd3 27. Be4 Rd6 28. Qxc7 Rd2 29. b4 Rb8 30. b5 Rxb5 31. Bc6 Rbxb2 32. Rf1 Nf6 33. Bg2 Rbc2 34. Qa5 Nd7 35. h4 h5 36. Be4 Ra2 37. Qd8+ Kg7 38. Qg5 Nf6 39. Bg2 Ng4 40. Qf4 e5 41. Qf3 e4 42.
Qf4 e3 43. Bf3 Rxf2 44. Qd4+ Kg8 45. Bxg4 Rg2+ 0-1

[Event "*** SCC Grand Prix: Titled Tuesday Blitz"]
[Site "Chess.com"]
[Date "2020.10.06"]
[Round "8"]
[White "Leonid_Starozhilov"]
[Black "Aleksey_Sorokin"]
[Result "0-1"]
[WhiteElo "2690"]
[BlackElo "2825"]
[TimeControl "180+1"]
[EndTime "11:35:49 PDT"]
[Termination "Aleksey_Sorokin won on time"]

1. e4 c6 2. d3 d5 3. Nd2 e5 4. Ngf3 Bd6 5. c3 Nf6 6. Be2 O-O 7. O-O Re8 8. a4 Bg4 9. h3 Bh5 10. Nh4 Bxe2 11. Qxe2 Nbd7 12. Nhf3 a5 13. Rd1 Qb6 14. Nf1 Rad8 15. Bg5 h6 16. Bxf6 Nxf6 17. Ng3 dxe4 18. dxe4 Qb3 19. Rd3 Bc7 20. Rxd8 Rxd8 21. Nf5 Kh7 22.
g4 g6 23. Ng3 Kg7 24. Kg2 b5 25. axb5 cxb5 26. Ra3 Qd1 27. Qxb5 Rd3 28. Nh2 Rd2 29. Nf3 Rd3 30. Nh2 Qc2 31. Nhf1 Bd8 32. Qb3 Qc1 33.
Qb5 Qc2 34. Qb3 Qc1 35. Qb5 Rd1 36. Rxa5 Bxa5 37. Qxa5 Qxb2 38. Qxe5 Rc1 39. h4 Qxc3 40. Qxc3 Rxc3 41. f3 Rc2+ 42. Kh3 Nd7 43. f4 Nc5 44. g5 h5 45. f5 Rf2 46. Ne3 Nd3 47. f6+ Kf8 48. Nd5 Ke8 49. e5 Nxe5 50. Ne4 Ra2 51. Nd6+ Kd7 52. Ne4 Ke6 53. Nf4+ Kf5 54. Nd6+ Kxf4 55. Nxf7 Ng4 0-1

[Event "*** SCC Grand Prix: Titled Tuesday Blitz"]
[Site "Chess.com"]
[Date "2020.10.06"]
[Round "8"]
[White "Evandro_Barbosa"]
[Black "RestartingChess"]
[Result "0-1"]
[WhiteElo "2599"]
[BlackElo "2498"]
[TimeControl "180+1"]
[EndTime "11:35:49 PDT"]
[Termination "RestartingChess won on time"]

1. Nf3 Nf6 2. c4 b6 3. Nc3 Bb7 4. d4 d6 5. d5 g6 6. e4 Bg7 7. Be2 O-O 8. O-O c6 9. Re1 cxd5 10. exd5 Nbd7 11. Bf1 Rc8 12. h3 Re8 13. a4 Nc5 14. Be3 e5 15. Nd2 Rf8 16. b4 Ncd7 17. Nb5 Ne8 18.
Nxa7 Ra8 19. Nc6 Qc7 20. a5 Bxc6 21. axb6 Nxb6 22. dxc6 Qxc6 23. Rxa8 Nxa8 24. b5 Qb7 25. Qf3 Qxf3 26. gxf3 Nf6 27. Ne4 Nxe4 28. fxe4 Rb8 29. Ra1 Bf6 30. Ra6 Be7 31. Be2 f5 32. f3 Kf7 33. c5 dxc5 34. Bc4+ Kg7 35. Ra7 Kf6 36. h4 f4 37. Bf2 Nb6 38. Bf1 Ke6 39. Rc7 Na4 40.
Bh3+ Kf6 41. Rc6+ Kf7 42. h5 Rxb5 43. Be6+ Kg7 44. Rc7 Kf6 45. Bd7 Rb1+ 46. Kg2 Nc3 47. h6 Rb2 48. Rc6+ Kg5 49. Kf1 Kxh6 50. Re6 Nd1 51. Be1 Ne3+ 52. Kg1 Rb1 53. Kf2 Bh4+ 0-1

[Event "*** SCC Grand Prix: Titled Tuesday Blitz"]
[Site "Chess.com"]
[Date "2020.10.06"]
[Round "8"]
[White "profofchess"]
[Black "PotapovaM"]
[Result "0-1"]
[WhiteElo "2377"]
[BlackElo "2552"]
[TimeControl "180+1"]
[EndTime "11:35:49 PDT"]
[Termination "PotapovaM won on time"]

1. e4 c5 2. Nf3 d6 3. c3 Nf6 4. Bc4 Bg4 5. Qb3 e6 6. e5 Bxf3 7. gxf3 dxe5 8. Qxb7 Nbd7 9. Rg1 g6 10. d3 Bg7 11. Nd2 O-O 12. Ne4 Qb6 13. Qxb6 axb6 14. f4 Nd5 15. Bb5 Rad8 16. fxe5 Nxe5 17. Rg3 Nc7 18.
a4 Nxb5 19. axb5 Nxd3+ 20. Ke2 c4 21. Bg5 Rd5 22. Nf6+ Bxf6 23. Bxf6 Rxb5 24. b4 Rf5 25. Bd4 b5 26. Ra7 e5 27. Be3 Rd8 28. Rg1 e4 29. Rd1 Rfd5 30. Rda1 h5 31. Rb7 R8d7 32. Raa7 Rxb7 33.
Rxb7 Rf5 34. Bd4 Nf4+ 35. Ke3 Kh7 36. Rb8 Kh6 37. Kd2 g5 0-1

[Event "*** SCC Grand Prix: Titled Tuesday Blitz"]
[Site "Chess.com"]
[Date "2020.10.06"]
[Round "8"]
[White "VladaSviridova"]
[Black "fabianvivasz"]
[Result "0-1"]
[WhiteElo "2244"]
[BlackElo "2351"]
[TimeControl "180+1"]
[EndTime "11:35:49 PDT"]
[Termination "fabianvivasz won on time"]

1. d4 Nf6 2. c4 g6 3. Nc3 d5 4. cxd5 Nxd5 5. e4 Nxc3 6. bxc3 Bg7 7. Bc4 c5 8. Ne2 Nc6 9. Be3 O-O 10. O-O Qc7 11. Rc1 Rd8 12. Qd2 Qa5 13. Rfd1 b6 14.
Bd5 Bb7 15. Bxc6 Bxc6 16. d5 Ba4 17. Re1 e6 18. c4 Qxd2 19. Bxd2 exd5 20. exd5 b5 21.
cxb5 Rxd5 22. Bc3 Bh6 23. Rb1 Rb8 24. Ba5 Bc2 25. Rb2 Bd3 26. Nc3 Rd4 27. h4 Bc4 28. Re5 Rc8 29. Kh2 Bf4+ 30. g3 Bxe5 31. f4 Bf6 32. Rf2 Rd3 33. Ne4 Bd4 34. Rc2 Be6 35. Nd6 Rb8 36. a4 Bg1+ 37. Kxg1 Rxd6 0-1

[Event "*** SCC Grand Prix: Titled Tuesday Blitz"]
[Site "Chess.com"]
[Date "2020.10.06"]
[Round "8"]
[White "MasterMK73"]
[Black "tmr88"]
[Result "1-0"]
[WhiteElo "2211"]
[BlackElo "2085"]
[TimeControl "180+1"]
[EndTime "11:35:50 PDT"]
[Termination "MasterMK73 won on time"]

1. e4 e5 2. Nc3 Nc6 3. g3 Bc5 4. Bg2 h5 5. h3 d6 6. Nge2 Nd4 7. d3 Nf6 8. Nxd4 Bxd4 9. Bg5 Be6 10. O-O Qe7 11.
Nd5 Bxd5 12. exd5 Qd7 13. c3 Bb6 14. d4 Nh7 15. Be3 O-O-O 16. a4 a6 17. b4 f6 18. a5 Ba7 19. c4 Bxd4 20. Bxd4 exd4 21. Qxd4 Kb8 22.
b5 axb5 23. cxb5 Qxb5 24. Rfb1 Qa6 25. Rb3 Qa7 26. Qb2 Ka8 27. Bf1 Ng5 28. Bg2 h4 29. g4 Rhe8 30. Rb1 Rb8 31. Qc3 Ne4 32. Qb2 Nc5 33. Rb5 Nd3 34. Qd2 Nc5 35. Qc2 Re5 36. Bf3 Ree8 37. Kg2 Re5 38. Kg1 Ree8 39. Be2 Re5 40. Bc4 Rbe8 41. Bf1 Ne4 42. Rxb7 Qxb7 43. Rxb7 Kxb7 44. Qc6+ Ka7 45. Qa6+ Kb8 46. Qb5+ Kc8 47. Qc6 Nc5 48. a6 1-0

[Event "*** SCC Grand Prix: Titled Tuesday Blitz"]
[Site "Chess.com"]
[Date "2020.10.06"]
[Round "8"]
[White "JoliyRoger"]
[Black "W_Amadeus"]
[Result "0-1"]
[WhiteElo "2461"]
[BlackElo "2695"]
[TimeControl "180+1"]
[EndTime "11:35:51 PDT"]
[Termination "W_Amadeus won by resignation"]

1. Nf3 Nf6 2. c4 g6 3. d4 Bg7 4. Nc3 d5 5. Bg5 c5 6. Bxf6 Bxf6 7. cxd5 Qb6 8. e4 cxd4 9. Nb5 Nd7 10. b3 O-O 11. Rc1 Bg7 12. Bd3 a6 13. Nc7 Qa5+ 14. Qd2 Qxd2+ 15. Kxd2 Ra7 16. Rhe1 b6 17. e5 Nc5 18. d6 exd6 19. exd6 Bh6+ 20. Ke2 Bxc1 21. Rxc1 Rd8 22. b4 Nxd3 23. Kxd3 Rxd6 24. Ne8 Bf5+ 25. Kd2 Re6 26. Rc8 Re2+ 27. Kxe2 Bxc8 28. Nxd4 Re7+ 29.
Kd2 Rxe8 30. Nc6 Bb7 31. Nd4 Rd8 32. Kc3 Rxd4 33. Kxd4 Bxg2 34. h4 Bb7 35. f4 Kf8 36. Ke5 Ke7 37. f5 f6+ 38. Kf4 Kd6 39. fxg6 hxg6 40.
Kg4 Bc8+ 41. Kf4 Be6 42. Ke3 Bxa2 43. Kd4 Bf7 44. b5 a5 45. Kc3 g5 46. Kb2 gxh4 0-1

[Event "*** SCC Grand Prix: Titled Tuesday Blitz"]
[Site "Chess.com"]
[Date "2020.10.06"]
[Round "8"]
[White "GianmarcoVaR"]
[Black "The_Machine04"]
[Result "1-0"]
[WhiteElo "2476"]
[BlackElo "2326"]
[TimeControl "180+1"]
[EndTime "11:35:52 PDT"]
[Termination "GianmarcoVaR won on time"]

1. d4 d6 2. c4 e5 3. Nf3 e4 4.
Ng5 f5 5. Nc3 Be7 6. Nh3 Nf6 7.
Bg5 Be6 8. e3 O-O 9. Nf4 Bf7 10.
h4 h6 11. Bxf6 Bxf6 12. h5 c6 13. g4 Bg5 14. gxf5 Bxf4 15. exf4 d5 16. Qg4 Qf6 17.
O-O-O Kh8 18. Rg1 Bg8 19. Rg3 Nd7 20. Be2 Nb6 21. Rdg1 Rf7 22. c5 Nc8 23. Qg6 Qxg6 24. fxg6 Rxf4 25. f3 e3 26. Rg4 Rxg4 27. fxg4 Be6 28.
Rg3 Kg8 29. Rxe3 Bd7 30. b4 a6 31. Kb2 Kf8 32. Na4 Rb8 33. Kc3 Ne7 34. Nb2 Re8 35.
Nd3 Kg8 36. Ne5 Bc8 37. Nf7 Kf8 38. Nd6 Rd8 39. a4 1-0

[Event "*** SCC Grand Prix: Titled Tuesday Blitz"]
[Site "Chess.com"]
[Date "2020.10.06"]
[Round "8"]
[White "maxip32"]
[Black "shnitez"]
[Result "0-1"]
[WhiteElo "2397"]
[BlackElo "2555"]
[TimeControl "180+1"]
[EndTime "11:35:53 PDT"]
[Termination "shnitez won on time"]

1. e4 c5 2. Nf3 e6 3. d3 Nc6 4. g3 g6 5. Bg2 Bg7 6. O-O Nge7 7. Re1 O-O 8. c3 d5 9. exd5 Nxd5 10.
Nbd2 b6 11. Nc4 Bb7 12. a4 Qc7 13. h4 Rad8 14. Qe2 Qb8 15. Bg5 Rde8 16. h5 e5 17. hxg6 hxg6 18. Nfd2 Nf6 19. Bf3 Nh7 20. Be3 Re7 21.
Kg2 Nd4 22. Bxd4 cxd4 23. cxd4 Ng5 24. Bxb7 Qxb7+ 25. f3 Qd7 26. dxe5 Qh3+ 27. Kg1 Qxg3+ 28. Qg2 Nh3+ 29. Kf1 Qh4 30. Re4 Nf4 31. Qg4 Qh1+ 32. Qg1 Qh3+ 33. Ke1 Nxd3+ 34. Kd1 Nxe5 35. Qe3 Nxc4 36.
Nxc4 Rd7+ 37. Kc2 Qh2+ 38. Qe2 Qc7 39. b3 a6 40. Rc1 b5 41. axb5 axb5 42. Rh1 bxc4 43.
Qh2 cxb3+ 44. Kb1 Qxh2 45. Rxh2 Ra8 0-1

[Event "*** SCC Grand Prix: Titled Tuesday Blitz"]
[Site "Chess.com"]
[Date "2020.10.06"]
[Round "8"]
[White "Angel_Hranitel_37"]
[Black "Vamostodorecto"]
[Result "1-0"]
[WhiteElo "2548"]
[BlackElo "2380"]
[TimeControl "180+1"]
[EndTime "11:35:53 PDT"]
[Termination "Angel_Hranitel_37 won on time"]

1. d4 Nf6 2. Nf3 g6 3. g3 Bg7 4.
Bg2 O-O 5. O-O d5 6. c4 Nc6 7. cxd5 Nxd5 8. e4 Nb6 9. Be3 Bg4 10. e5 Nc4 11. Qb3 Bxf3 12. Qxc4 Bxg2 13. Kxg2 Qd7 14. f4 Rad8 15. Rd1 e6 16. Nc3 Ne7 17. Rac1 c6 18.
Ne4 Nf5 19. Bf2 h5 20. h3 Qd5 21. Qxd5 Rxd5 22. g4 hxg4 23. hxg4 Ne7 24. Nd6 Rb8 25.
Kf3 Nc8 26. Ne4 Kf8 27. Ke3 Nb6 28. b3 a5 29. Bh4 a4 30. Nf6 Rb5 31. bxa4 Ra5 32.
Ke4 Bxf6 33. Bxf6 Ke8 34. Rh1 Kd7 35. Rh7 Rf8 36. f5 gxf5+ 37. gxf5 Rxa4 38. Rb1 Ra6 39. a4 exf5+ 40. Kxf5 Kc7 41. e6 Rxa4 42. Be5+ Kd8 43. Rxb6 fxe6+ 44. Kxe6 Re8+ 45. Kd6 Ra5 46. Rbxb7 Rd5+ 47. Kxc6 Re6+ 48. Kxd5 Rd6+ 49. Kxd6 1-0

[Event "*** SCC Grand Prix: Titled Tuesday Blitz"]
[Site "Chess.com"]
[Date "2020.10.06"]
[Round "8"]
[White "Kavyev_Ruslan"]
[Black "Jumbo"]
[Result "0-1"]
[WhiteElo "2582"]
[BlackElo "2728"]
[TimeControl "180+1"]
[EndTime "11:35:54 PDT"]
[Termination "Jumbo won by resignation"]

1. d4 e6 2. c4 d5 3. g3 dxc4 4. Nf3 a6 5. Bg2 b5 6. Ne5 c6 7. Nc3 Ne7 8. b3 cxb3 9. axb3 Nd5 10. Ne4 Be7 11. O-O O-O 12. Qc2 a5 13. Bb2 Qb6 14.
Rfc1 Rd8 15. Nc5 Qc7 16. e3 Bf8 17. h4 h6 18. Ra2 Nb4 19. Qb1 Nxa2 20. Qxa2 Rd5 21.
Bxd5 exd5 22. Qb1 Bd6 23. Ncd3 a4 24. bxa4 bxa4 25. Qc2 a3 26. Ba1 Bf5 27. Qb3 Bxd3 28. Nxd3 Bxg3 29. fxg3 Qxg3+ 30. Kf1 Qxe3 31. Re1 Qf3+ 32.
Kg1 Qg3+ 33. Kf1 Nd7 34. Nc5 Qf4+ 35. Kg2 Qd2+ 36. Kf1 Qf4+ 37. Kg2 Nxc5 38. dxc5 Qxh4 39. Qe3 Ra4 40. Rf1 Rg4+ 41. Kf3 Rg3+ 0-1

[Event "*** SCC Grand Prix: Titled Tuesday Blitz"]
[Site "Chess.com"]
[Date "2020.10.06"]
[Round "8"]
[White "Mr_Sinigami"]
[Black "Sven_Tica"]
[Result "0-1"]
[WhiteElo "2493"]
[BlackElo "2652"]
[TimeControl "180+1"]
[EndTime "11:35:55 PDT"]
[Termination "Sven_Tica won on time"]

1. d4 d5 2. Nf3 e6 3. Bf4 Bd6 4.
Bg3 Qe7 5. e3 Bxg3 6. hxg3 Qb4+ 7. Nbd2 Qxb2 8. Bd3 Nf6 9. Ne5 Nbd7 10. f4 a6 11. Kf2 c5 12. Rb1 Qa3 13. dxc5 Nxc5 14.
g4 g6 15. g5 Nfd7 16. Ndf3 Qa4 17. Qe2 b5 18. Kg3 Bb7 19. Nxd7 Nxd7 20. Nd4 Qa3 21. Rh2 Qe7 22. Rbh1 e5 23. Nb3 e4 24. Rxh7 Rxh7 25. Rxh7 exd3 26. Rh8+ Nf8 27. cxd3 O-O-O 28. Qc2+ Kb8 29.
Qc3 Qxe3+ 30. Kh2 Qxf4+ 31. Kg1 Ne6 32. Rxd8+ Nxd8 33. Nc5 d4 34. Nd7+ Ka8 35. Qc5 Qe3+ 36. Kh2 Qf4+ 37. Kg1 Nc6 38. Nb6+ Kb8 39. Qf8+ Ka7 40.
Nd7 Qc1+ 41. Kh2 Qf4+ 42. Kg1 Qxg5 43. Qd6 Qe3+ 44. Kh2 Qg5 45. Qc7 Qd8 0-1

[Event "*** SCC Grand Prix: Titled Tuesday Blitz"]
[Site "Chess.com"]
[Date "2020.10.06"]
[Round "8"]
[White "Piotrek1979"]
[Black "Skatchkov_V"]
[Result "1-0"]
[WhiteElo "2489"]
[BlackElo "2579"]
[TimeControl "180+1"]
[EndTime "11:35:57 PDT"]
[Termination "Piotrek1979 won by checkmate"]

1. Nf3 Nf6 2. g3 e6 3. Bg2 d5 4. O-O Be7 5. c4 O-O 6. d3 c5 7. Nc3 Nc6 8. Bf4 d4 9. Na4 Bd7 10. a3 Re8 11. Rb1 Bf8 12. b4 cxb4 13. axb4 Nxb4 14.
Ne5 Nc6 15. Rxb7 Nxe5 16. Bxe5 Qa5 17. Bxf6 Bxa4 18. Qa1 gxf6 19. Rb5 Qa6 20. Bb7 Qd6 21. Qxa4 Rab8 22. c5 Qc7 23. c6 Red8 24. Qxa7 f5 25. f4 h5 26. Qb6 Bd6 27. Qxc7 Bxc7 28. Ra1 Kf8 29. h4 Ke7 30. Kg2 Rg8 31. Kf3 Rg7 32.
Rb4 e5 33. fxe5 Bxe5 34. Rg1 f4 35. gxf4 Rxg1 36. fxe5 Rbg8 37. Ke4 R1g4+ 38. Kd5 Kd8 39. Ba6 Kc7 40. Rb7+ Kd8 41. c7+ Kd7 42. Ra7 Rd8 43. cxd8=Q+ Kxd8 44. Bb5 Rxh4 45. Kd6 f6 46. Ra8# 1-0

[Event "*** SCC Grand Prix: Titled Tuesday Blitz"]
[Site "Chess.com"]
[Date "2020.10.06"]
[Round "8"]
[White "Shuvalov"]
[Black "Falcon28dz"]
[Result "0-1"]
[WhiteElo "2404"]
[BlackElo "2262"]
[TimeControl "180+1"]
[EndTime "11:35:57 PDT"]
[Termination "Falcon28dz won by resignation"]

1. Nf3 Nf6 2. c4 e6 3. g3 b6 4. Bg2 Bb7 5. O-O c5 6. Nc3 Be7 7. d4 cxd4 8. Qxd4 Nc6 9. Qf4 O-O 10. Rd1 d5 11. cxd5 exd5 12. Nd4 Nxd4 13. Qxd4 Bc5 14. Qh4 Ne4 15. Nxe4 Qxh4 16. gxh4 dxe4 17. Bg5 f6 18. Bf4 Rfd8 19. Bc7 Rxd1+ 20. Rxd1 Rc8 21. Bf4 Bc6 22. Bh3 Re8 23. Bd7 Bxd7 24. Rxd7 Re7 25. Rd8+ Kf7 26. e3 Ke6 27. Kf1 Rd7 28. Ra8 a5 29. Ke2 h6 30. h5 Kf5 31. h3 Bb4 32. a3 Rd2+ 33. Kf1 Bc5 34. Ra7 Rxb2 35.
Rxg7 Bxa3 36. Bxh6 Bf8 37. Rg6 Bxh6 38. Rxh6 a4 39. Rh7 a3 40. Ra7 a2 41. Kg2 Kg5 42. Kg3 Kxh5 43. f3 exf3 44. Kxf3 b5 45. Ra5 Kh4 46. Ke4 b4 47. Kd3 b3 48. Kc3 Rb1 49. Ra4+ Kxh3 50. Ra3 a1=Q+ 51. Rxa1 Rxa1 52. Kxb3 Re1 53. Kc4 Rxe3 54. Kd4 Re8 0-1

[Event "*** SCC Grand Prix: Titled Tuesday Blitz"]
[Site "Chess.com"]
[Date "2020.10.06"]
[Round "8"]
[White "Meri-Arabidze"]
[Black "sergeikim"]
[Result "0-1"]
[WhiteElo "2694"]
[BlackElo "2554"]
[TimeControl "180+1"]
[EndTime "11:35:58 PDT"]
[Termination "sergeikim won on time"]

1. d4 Nf6 2. c4 g6 3. Nc3 Bg7 4. e4 d6 5. Nge2 O-O 6. Ng3 e6 7. Be2 b6 8. O-O Bb7 9. d5 Nbd7 10. Rb1 a6 11. f3 Re8 12. Be3 Qe7 13. Qd2 Rad8 14.
Rfe1 c6 15. dxc6 Bxc6 16. Bf1 Rb8 17. Rbd1 Bf8 18. a4 Nc5 19. Bg5 Nxa4 20. Nd5 Bxd5 21. exd5 e5 22. b4 Bg7 23. f4 h6 24. fxe5 hxg5 25.
exf6 Qxf6 26. Ne4 Qd8 27. Qxg5 Qxg5 28. Nxg5 Rxe1 29. Rxe1 Bc3 30. Rb1 Bd4+ 31. Kh1 Nc3 32. Re1 a5 33. Nf3 Bf6 34. bxa5 bxa5 35. c5 dxc5 36.
Bc4 a4 37. d6 Rd8 38. h4 a3 39. Ng5 Rxd6 40. Nxf7 Rd4 41. Ne5+ Kg7 42. Bb3 a2 0-1

[Event "*** SCC Grand Prix: Titled Tuesday Blitz"]
[Site "Chess.com"]
[Date "2020.10.06"]
[Round "8"]
[White "Msb2"]
[Black "LiemLe"]
[Result "1-0"]
[WhiteElo "2936"]
[BlackElo "2986"]
[TimeControl "180+1"]
[EndTime "11:36:00 PDT"]
[Termination "Msb2 won by resignation"]

1. d4 Nf6 2. c4 e6 3. Nc3 d5 4.
cxd5 exd5 5. Bg5 c6 6. e3 Bf5 7. Qf3 Bg6 8. Bxf6 Qxf6 9. Qxf6 gxf6 10. h4 Nd7 11. h5 Bf5 12. Nge2 Bd6 13. f4 Nb6 14.
Ng3 Be6 15. Kf2 h6 16. Bd3 Rg8 17. Nf5 Bxf5 18. Bxf5 Kf8 19. Ne2 Re8 20. b3 Re7 21.
Rac1 Bb4 22. Rc2 Na8 23. g4 Nc7 24. Ng3 Nb5 25. Kf3 Nd6 26. a3 Ba5 27. Bh7 Rh8 28. Bd3 Kg7 29. Re2 Rhe8 30. Rc1 Bb6 31. b4 a5 32. b5 cxb5 33. Bxb5 Rb8 34. a4 Kf8 35.
Bd3 Rc7 36. Rxc7 Bxc7 37. Rc2 Bd8 38. Rc5 b6 39. Rxd5 Be7 40. e4 Rc8 41. e5 Ne8 42.
Nf5 Ba3 43. Rd7 fxe5 44. fxe5 Rc7 45. Rxc7 Nxc7 46. Bc4 Bc1 47. d5 Bb2 48. Ke4 b5 49. Bxb5 Nxb5 50. axb5 a4 51. b6 f6 52. b7 Bxe5 53.
d6 Bxd6 54. Nxd6 Ke7 55. b8=Q 1-0